 Dungeon Crawl Stone Soup version 0.30.0-29-ga12c61a403 (webtiles) character file.

Game seed: 3743038000991957301

70 croobank the Cudgeller (level 4, -5/34 HPs)
             Began as a Human Wanderer on June 20, 2023.
             Slain by Natasha (6 damage)
             ... on level 3 of the Dungeon.
             The game lasted 00:06:09 (1573 turns).

croobank the Cudgeller (Human Wanderer)             Turns: 1573, Time: 00:06:09

Health: -5/34      AC:  4    Str: 14    XL:     4   Next: 45%
Magic:  5/5        EV: 11    Int: 12    God:
Gold:   89         SH:  0    Dex: 13    Spells: 3/3 levels left

rFire   . . .        a - +0 flail
rCold   . . .        (no shield)
rNeg    . . .        e - +0 leather armour
rPois   .            (no helmet)
rElec   .            (no cloak)
rCorr   .            c - +0 pair of gloves
SInv    .            (no boots)
Will    .....        (no amulet)
Stlth   ++           (no ring)
HPRegen 0.25/turn    (no ring)
MPRegen 0.09/turn

%: no passive effects
@: no status effects
A: no striking features
a: no special abilities


You were on level 3 of the Dungeon.
You visited 1 branch of the dungeon, and saw 3 of its levels.

You collected 89 gold pieces.

Inventory:

Hand Weapons
 a - a +0 flail (weapon)
 b - a +0 sling
 d - a +0 dagger of protection
 n - a +0 trident
 o - a +0 morningstar
Armour
 c - a +0 pair of gloves (worn)
 e - a +0 leather armour (worn)
Jewellery
 f - an amulet of guardian spirit
Scrolls
 g - a scroll of magic mapping {unknown}
 i - a scroll of identify {unknown}
 k - a scroll of fog {unknown}
 l - a scroll of brand weapon {unknown}
 m - a scroll of enchant armour {unknown}
Potions
 h - a potion of attraction {unknown}
 j - a potion of resistance {unknown}


   Skills:
 + Level 2.5 Fighting
 + Level 2.5 Maces & Flails
 + Level 2.5 Ranged Weapons
 + Level 1.7 Armour
 + Level 2.4 Stealth
 + Level 1.9 Invocations


You had 3 spell levels left.
You didn't know any spells.
Your spell library contained the following spells:

 Spells                   Type           Power      Damage    Failure   Level
 Lesser Beckoning         Tloc           0%         N/A       52%         2
 Gell's Gravitas          Tloc           0%         N/A       77%         3
 Teleport Other           Tloc           0%         N/A       77%         3


Dungeon Overview and Level Annotations

Branches:
Dungeon (3/15)

Altars:
Cheibriados
Hepliaklqana

Annotations:
D:1 1 runed translucent door
D:2 Ijyb, Sigmund
D:3 Natasha


Message History

The bat hits you but does no damage. The quokka bites you.
Natasha claws the plant!
The plant begins to die.
The bat attacks as you move away! The bat barely misses you.
The bat hits you but does no damage. The bat misses you.
The bat barely misses you. The bat barely misses you.
The bat hits you but does no damage.
You hit the bat.
You kill the bat!
The quokka barely misses you.
You hit the quokka but do no damage.
The quokka bites you but does no damage.
The cerulean imp hits you from afar with a +1 spear.
The quokka bites you but does no damage.
The cerulean imp hits you from afar with a +1 spear.
You thump the quokka!
You kill the quokka!
The cerulean imp misses you.
You hit Natasha.
Natasha is moderately wounded.
The cerulean imp disappears in a puff of smoke!
Natasha claws you! Natasha claws you.
* * * LOW HITPOINT WARNING * * *
You closely miss Natasha.
Natasha is moderately wounded.
Natasha closely misses you.
You sock Natasha!
Natasha is almost dead.
Natasha mumbles some strange words.
You closely miss Natasha.
Natasha is almost dead.
Natasha claws you.
* * * LOW HITPOINT WARNING * * *
The cerulean imp closely misses you.
You closely miss Natasha. Your punch misses Natasha.
Natasha is almost dead.
Natasha closely misses you.
The cerulean imp hits you with a +0 spear.
* * * LOW HITPOINT WARNING * * *
Natasha claws you.
You die...

....§#.§ ..# #.# #.#
.#..§..P ..# #.# #.#
.....§§§#..# #.# #.#
P(...§.#..# ##.## #.#
....P5P..## ##.#.########.#
.....#.#5.####.###.....>...#
... .P.#..##..## ##.########
. .....#..##.#.###..#
...#####..h@.##.#.#.# ..
#####5###.##.# . #.# ####.#
#.# #.# ... ... ### #.. ..


You could see Natasha and a cerulean imp (summoned).

Vanquished Creatures
  An orc wizard (D:3)
  5 orcs (D:3)
  3 ball pythons (D:1)
  5 bats
  2 endoplasms (D:1)
  2 giant cockroaches (D:1)
  3 goblins (D:2)
  2 hobgoblins (D:1)
  4 jackals (D:2)
  3 quokkas
  4 frilled lizards
  3 rats
37 creatures vanquished.

Notes
Turn   | Place    | Note
-------+----------+-------------------------------------------
     0 | D:1      | croobank the Human Wanderer began the quest for the Orb.
     0 | D:1      | croobank set off with the following items: a +0 flail, a +0
                  | sling, a +0 pair of gloves, a scroll of blinking, a +0
                  | leather armour.
     0 | D:1      | Reached XP level 1. HP: 16/16 MP: 1/1
     1 | D:1      | Found a runed translucent door.
   337 | D:1      | Reached XP level 2. HP: 22/22 MP: 2/2
   921 | D:2      | Reached XP level 3. HP: 27/27 MP: 4/4
   922 | D:2      | Noticed Sigmund
   940 | D:2      | Found a snail-covered altar of Cheibriados.
  1173 | D:2      | Noticed Ijyb
  1376 | D:3      | Reached XP level 4. HP: 9/34 MP: 5/5
  1554 | D:3      | Found a hazy altar of Hepliaklqana.
  1557 | D:3      | Noticed Natasha
  1573 | D:3      | HP: 1/34 [cerulean imp/+0 spear[Natasha] (5)]
  1573 | D:3      | Slain by Natasha

Illustrated notes

Levels and vault maps discovered:
D:1:      dpeg_arrival_caged_fury, layout_loops_ring
D:2:      kennysheep_the_goblin_king, layout_rooms, basic_altar, minivault_5,
          minmay_misc_feat_enclosed, minivault_24, minmay_misc_feat_tiny,
          uniq_sigmund
D:3:      layout_loops_ring, elyvilon_altar_3,
          mainiacjoe_overflow_catwalk_spiral, nicolae_hepliaklqana_hazy_memory,
          serial_shops, shop, kennysheep_doodads,
          chequers_serial_rivers_small_b, uniq_pargi, uniq_natasha

Action                     |  1- 3 |  4- 6 || total
---------------------------+-------+-------++-------
  Melee: Flail             |    61 |    16 ||    77
   Fire: Sling             |    57 |       ||    57
    Use: Scroll            |     1 |       ||     1
         Potion            |     1 |       ||     1
   Stab: Sleeping          |     1 |       ||     1
 Armour: Leather armour    |    30 |     6 ||    36
  Dodge: Dodged            |    63 |    14 ||    77
